 Dungeon Crawl Stone Soup version 0.21-a0-538-gd16b88a (webtiles) character file.

41 slep the Chopper (level 3, -1/27 HPs)
             Began as a Demonspawn Gladiator on Dec 16, 2017.
             Slain by a gnoll zombie (6 damage)
             ... on level 2 of the Dungeon.
             The game lasted 00:02:11 (468 turns).

slep the Chopper (Demonspawn Gladiator)              Turns: 468, Time: 00:02:12

Health: -1/27      AC:  6    Str: 14    XL:     3   Next: 32%
Magic:  3/3        EV: 13    Int:  9    God:
Gold:   59         SH:  0    Dex: 15    Spells: 2/2 levels left

rFire    . . .     SeeInvis .   a - +0 war axe
rCold    . . .     Gourm    .   (no shield)
rNeg     . . .     Faith    .   b - +0 leather armour
rPois    .         Spirit   .   c - +0 helmet
rElec    .         Reflect  .   (no cloak)
rCorr    .         Harm     .   (no gloves)
MR       +....                  (no boots)
Stlth    +.........             (no amulet)
HPRegen  0.09/turn              j - ring of protection from magic
MPRegen  0.08/turn              (no ring)

@: no status effects
A: slimy green scales 1
a: no special abilities


You were on level 2 of the Dungeon.
You were not hungry.

You visited 1 branch of the dungeon, and saw 2 of its levels.

You collected 59 gold pieces.

Inventory:

Hand Weapons
 a - a +0 war axe (weapon)
Missiles
 d - 3 throwing nets (quivered)
Armour
 b - a +0 leather armour (worn)
 c - a +0 helmet (worn)
Jewellery
 j - a ring of protection from magic (left hand)
Scrolls
 e - a scroll of identify {unknown}
 i - a scroll of remove curse {unknown}
Potions
 h - 2 potions of curing {unknown}
Comestibles
 f - a bread ration
 g - 2 chunks of flesh


   Skills:
 + Level 2.0 Fighting
 + Level 3.5 Axes
 + Level 1.8 Throwing
 + Level 0.4 Armour
 + Level 3.1 Dodging


You had 2 spell levels left.
You didn't know any spells.

Dungeon Overview and Level Annotations

Branches:
Dungeon (2/15)

Altars:
Elyvilon
Gozag

Shops:
D:2 *


Innate Abilities, Weirdness & Mutations

You are partially covered in slimy green scales. (AC +2)


Message History

You feel sick.
You feel sick.
You feel sick.
You are no longer poisoned.
You see here a centaur barding.
You see here 22 stones.
You now have 59 gold pieces (gained 14).
A gnoll zombie comes into view.
A gnoll zombie comes into view.
You slash the gnoll zombie!
The gnoll zombie is severely damaged.
You hit the gnoll zombie. The gnoll zombie hits you!
* * * LOW HITPOINT WARNING * * *
The gnoll zombie hits you but does no damage.
You barely miss the gnoll zombie.
The gnoll zombie is severely damaged.
You hit the gnoll zombie. The gnoll zombie hits you.
* * * LOW HITPOINT WARNING * * *
The gnoll zombie hits you.
You die...

#######.....#
.(......###.# #########
#.## ....# #..# ###.
######.# ###......#
####### ........##
.......
######.......####Z......
................@Z......
............#####.......
.......####### .......
........# #.###########
......#.####.......#
#...###...##.<.....#
#.#.# #.##......##
#.#.#####....).....#
...................#


You could see 2 gnoll zombies.

Vanquished Creatures
  An adder (D:2)
  3 oozes
  A worm (D:2)
  2 leopard geckos (D:2)
  3 kobolds
  A bat (D:1)
  3 goblins
  4 rats
18 creatures vanquished.

Notes
Turn   | Place    | Note
-------+----------+-------------------------------------------
     0 | D:1      | slep the Demonspawn Gladiator began the quest for the Orb.
     0 | D:1      | Reached XP level 1. HP: 16/16 MP: 1/1
    59 | D:1      | Gained mutation: You are partially covered in slimy green scales. (AC +2) [demonic ancestry]
    59 | D:1      | Reached XP level 2. HP: 11/22 MP: 2/2
   230 | D:2      | Found a white marble altar of Elyvilon.
   380 | D:2      | Found an opulent altar of Gozag.
   382 | D:2      | Found Gozag's Platinum Reserve.
   412 | D:2      | Reached XP level 3. HP: 18/27 MP: 3/3
   468 | D:2      | Slain by a gnoll zombie

Vault maps used:
D:1:      erik_arrival_gehennom, serial_forest, infiniplex_forest_fountain,
          infiniplex_forest_straight_5, infiniplex_forest_lined_3,
          infiniplex_forest_clump_diagonal, infiniplex_forest_end_1,
          infiniplex_forest_corner_1, infiniplex_forest_lined_corner,
          infiniplex_forest_lined_corner, infiniplex_forest_corner_1,
          infiniplex_forest_clump_tiny, serial_park_tiny_1
D:2:      nicolae_gozag_zags_fifth_avenue, elyvilon_altar_4,
          lemuel_zombie_altar_yredelemnul

Skill      XL: |  1 |
---------------+----+-----
Axes           | 3 |  3.5
Dodging        | 3 |  3.1
Fighting       | |  2.0
Throwing       | |  1.8
Armour         | |  0.4

Action                   || total
-------------------------++-------
Melee: War axe           ||    61
 Stab: Sleeping          ||     1
Armor: Leather armour    ||    21
Dodge: Dodged            ||    53

Table legend:
 A = Spawn XP
 B = Non-spawn XP
 C = Spawn XP percentage of total XP
 D = Spawn monster count
 E = Non-spawn monster count
 F = Spawn count percentage of total count
 G = Total turns spent on level
                    A         B        C        D         E        F      G
               +---------+---------+-------+---------+---------+-------+---------
         Total |       0 |      59 |   0.0 |       0 |      18 |   0.0 |   468
               +---------+---------+-------+---------+---------+-------+---------
           D:1 |       0 |      24 |   0.0 |       0 |      10 |   0.0 |   230
           D:2 |       0 |      35 |   0.0 |       0 |       8 |   0.0 |   238
               +---------+---------+-------+---------+---------+-------+---------
